[Event "*** Titled Tuesday Blitz"]
[Site "Chess.com"]
[Date "2019.02.05"]
[Round "4"]
[White "varacalli"]
[Black "Romn69"]
[Result "0-1"]
[WhiteElo "2429"]
[BlackElo "2257"]
[TimeControl "180+2"]
[EndTime "13:50:24 PST"]
[Termination "Romn69 won by checkmate"]

1. e4 c5 2. Nf3 Nc6 3. d4 cxd4 4.
Nxd4 Nf6 5. Nc3 d6 6. Bc4 e6 7.
a3 a6 8. Ba2 Qc7 9. O-O Be7 10.
Kh1 O-O 11. f4 Na5 12. f5 e5 13. Nde2 Nc4 14. Bg5 b5 15. Bxf6 Bxf6 16. Nd5 Qd8 17. Bxc4 bxc4 18. Ng3 Bb7 19. b4 cxb3 20. cxb3 Bxd5 21.
Qxd5 Rc8 22. Rac1 Qb6 23. Qd3 Bg5 24. Rxc8 Rxc8 25. h3 Qe3 26. Qxe3 Bxe3 27. f6 g6 28. Rd1 Rc1 29. Rxc1 Bxc1 30. a4 a5 31. Kg1 Kf8 32.
Kf2 Ke8 33. Ke2 Kd7 34. Kd3 Ke6 35. Ne2 Ba3 36. Kc4 Kxf6 37. Kd5 Ke7 38. Nc3 f5 39. Ne2 fxe4 40. Nc3 e3 41. Ke4 Bc5 42. Kd5 Bd4 43. Ne2 Kd7 44. Ng3 h5 45. Ne2 Ke7 46. Ng3 Bc5 47.
Ne2 Kf6 48. Ke4 Ke6 49. Nc3 d5+ 50. Kd3 e4+ 51. Ke2 Ke5 52. Nb5 d4 53. g4 d3+ 54.
Kd1 hxg4 55. hxg4 e2+ 56. Ke1 Bb4+ 57. Kf2 e1=Q+ 58. Kg2 Qe2+ 59. Kg3 Be1+ 60. Kh3 Qf3+ 61. Kh2 Qg3+ 62. Kh1 Bf2 63. Nc7 Qg1# 0-1

[Event "*** Titled Tuesday Blitz"]
[Site "Chess.com"]
[Date "2019.02.05"]
[Round "4"]
[White "Farrukh_Amonatov"]
[Black "wenx95"]
[Result "0-1"]
[WhiteElo "2790"]
[BlackElo "2513"]
[TimeControl "180+2"]
[EndTime "13:50:25 PST"]
[Termination "wenx95 won by resignation"]

1. e4 d5 2. exd5 Qxd5 3. Nc3 Qa5 4. d4 Nf6 5. Nf3 Nc6 6. Bb5 Nd5 7.
Bd2 Nxc3 8. Bxc6+ bxc6 9. Bxc3 Qd5 10. O-O Bg4 11. Re1 Bxf3 12. Qxf3 Qxf3 13. gxf3 e6 14. Ba5 O-O-O 15. Rad1 Be7 16. c4 Bf6 17. Bc3 Rd7 18.
Rd2 Rhd8 19. Red1 c5 20. d5 Bxc3 21. bxc3 Rd6 22. Kg2 c6 23. Rb2 exd5 24. cxd5 cxd5 25. Rdb1 Rb6 26. Rxb6 axb6 27. Rxb6 Kc7 28. Ra6 Kb7 29. Ra3 Kb6 30. Kf1 Rd6 31. Rb3+ Kc6 32. a4 Rh6 33. Kg2 Rg6+ 34. Kf1 Rh6 35. Kg1 Rh4 36. Ra3 Kb6 37. a5+ Ka6 38. Kg2 Rh6 39. Ra1 Rg6+ 40. Kf1 Rh6 41. Kg2 Rg6+ 42. Kh3 d4 43. cxd4 cxd4 44. f4 d3 45. f5 Rd6 46. Kg3 d2 47. Rd1 Kxa5 48. Kf3 Kb4 49. Ke2 Kc3 50. Ra1 d1=Q+ 51.
Rxd1 Rxd1 52. Kxd1 Kd3 53. f6 g6 54. Ke1 h5 55.
Kf1 Ke4 56. Kg2 Kf4 57. Kh3 g5 58. Kg2 Kf5 59. h4 g4 60. f3 Kxf6 61. Kg3 gxf3 62. Kxf3 Kf5 0-1

[Event "*** Titled Tuesday Blitz"]
[Site "Chess.com"]
[Date "2019.02.05"]
[Round "4"]
[White "RaphaeI"]
[Black "Didici"]
[Result "0-1"]
[WhiteElo "2577"]
[BlackElo "2571"]
[TimeControl "180+2"]
[EndTime "13:50:25 PST"]
[Termination "Didici won by resignation"]

1. Nf3 d5 2. g3 Nf6 3. Bg2 e6 4. c4 Be7 5. d4 O-O 6. Nc3 dxc4 7. Ne5 Qd6 8. Nxc4 Qa6 9. Qb3 Nc6 10. e3 Na5 11. Nxa5 Qxa5 12. O-O c5 13. Rd1 Rb8 14. Bd2 Qa6 15. dxc5 Bxc5 16. Na4 Be7 17. Bc3 Bd7 18.
Bxf6 Bxa4 19. Bxe7 Bxb3 20. axb3 Qb6 21. Bxf8 Kxf8 22.
Rd3 Rd8 23. Rxd8+ Qxd8 24. Rxa7 Qd1+ 25. Bf1 Qxb3 26. Ra5 Qc2 27. Rb5 Qc7 28. b3 Ke7 29. Bc4 b6 30. Kf1 Qd6 31. Ke2 g6 32. h4 h5 33. Rg5 Kd7 34. Bb5+ Kc7 35. Bc4 Qe7 36. Rb5 f6 37. f4 Kc6 38. Bd3 Qa3 39. Bc4 Qb2+ 40. Kf3 Qc3 41. Kf2 Qd2+ 42. Kf3 Qe1 43. e4 Qh1+ 44. Ke3 Qg2 0-1

[Event "*** Titled Tuesday Blitz"]
[Site "Chess.com"]
[Date "2019.02.05"]
[Round "4"]
[White "Jospem"]
[Black "gmjlh"]
[Result "1-0"]
[WhiteElo "2901"]
[BlackElo "2704"]
[TimeControl "180+2"]
[EndTime "13:50:26 PST"]
[Termination "Jospem won by checkmate"]

1. c4 e5 2. g3 c6 3. Nf3 e4 4. Nd4 d5 5. cxd5 Qxd5 6. Nc2 Nf6 7. Bg2 Qe5 8. O-O Be7 9. d4 exd3 10. Qxd3 O-O 11.
Bf4 Qh5 12. Nc3 Bh3 13. Ne3 Rd8 14. Qc2 Bxg2 15. Kxg2 Na6 16. Rfd1 Nb4 17. Qf5 Qg6 18. a3 Nbd5 19. Ncxd5 Nxd5 20. Nxd5 cxd5 21. Rxd5 Qxf5 22.
Rxf5 Rac8 23. Rc1 Rxc1 24. Bxc1 f6 25. Rb5 b6 26. Be3 Kf7 27. g4 Ke6 28. a4 Rd5 29. h4 Rxb5 30. axb5 Kd5 31. b3 Ke4 32. Bd2 g6 33. h5 Bd6 34. Bh6 Kd4 35. Bg7 Kc3 36. Bxf6+ Kxb3 37. e4 Kc4 38. e5 Bxe5 39. Bxe5 Kxb5 40.
f4 Kc6 41. f5 gxf5 42. g5 Kd5 43. g6 hxg6 44. h6 Kxe5 45. h7 Kf6 46. h8=Q+ Kg5 47.
Qa8 a5 48. Qa7 a4 49. Qxb6 a3 50. Qa6 Kh5 51. Qxa3 Kg5 52. Kf3 Kh5 53. Qe3 Kh4 54. Qh6# 1-0

[Event "*** Titled Tuesday Blitz"]
[Site "Chess.com"]
[Date "2019.02.05"]
[Round "4"]
[White "bilelou"]
[Black "Zhuu96"]
[Result "0-1"]
[WhiteElo "2598"]
[BlackElo "2860"]
[TimeControl "180+2"]
[EndTime "13:50:27 PST"]
[Termination "Zhuu96 won by resignation"]

1. e4 c5 2. Nf3 d6 3. d4 cxd4 4. Nxd4 Nf6 5. Nc3 a6 6. h4 g6 7. h5 Nxh5 8. Be3 Bg7 9. Qd2 Nc6 10. O-O-O Bg4 11. f3 Bd7 12. Qf2 Nf6 13. g4 Ne5 14.
Kb1 Rc8 15. g5 Nh5 16. Nd5 e6 17. Nf5 exf5 18. Bb6 Qxg5 19. f4 Nxf4 20. Nxf4 fxe4 21. Nd5 Ng4 22. Qg2 O-O 23. Be2 h5 24. Be3 Qd8 25. Bd4 Bxd4 26. Rxd4 Re8 27. Qg3 Re5 28. Nf4 Qf6 29.
Rhd1 Rc6 30. Nd5 Qg7 31. Nb4 Rb6 32. Rxd6 Rxb4 33. c3 Bb5 34. Bxg4 Bd3+ 35. Ka1 Rbb5 36. Bc8 Red5 37. Rxd5 Rxd5 38. Bxb7 Qe5 39. Qe3 Ra5 40. Qb6 Kg7 41. Bc6 e3 42. Re1 e2 43. Qf2 Bc4 44.
a3 Rxa3+ 45. Kb1 Bd3+ 46. Kc1 Rxc3+ 47. Kd2 Rxc6 48. Kxd3 Rd6+ 49. Kc2 Qe4+ 50. Kb3 Rd3+ 51. Ka2 Qa4+ 0-1

[Event "*** Titled Tuesday Blitz"]
[Site "Chess.com"]
[Date "2019.02.05"]
[Round "4"]
[White "GMMatamoros"]
[Black "Rakesh"]
[Result "1-0"]
[WhiteElo "2515"]
[BlackElo "2304"]
[TimeControl "180+2"]
[EndTime "13:50:27 PST"]
[Termination "GMMatamoros won by resignation"]

1. Nf3 Nf6 2. c4 g6 3. g3 Bg7 4. Bg2 O-O 5. O-O d6 6. d4 c5 7.
Nc3 cxd4 8. Nxd4 a6 9. b3 Qc7 10. Bg5 Nc6 11. Bxf6 Bxf6 12. Nd5 Qd7 13. Nxf6+ exf6 14. Qd2 Qc7 15. Nxc6 bxc6 16. Qf4 Bf5 17. e4 Be6 18.
Qxf6 Rad8 19. Rfd1 Rfe8 20. Qf4 Qe7 21. Rd2 Rd7 22.
Rad1 Red8 23. h4 Kg7 24. e5 dxe5 25. Qxe5+ Kg8 26. Rxd7 Rxd7 27. Rxd7 Qxd7 28. h5 Qd1+ 29. Kh2 gxh5 30. Bxc6 Qd2 31. Qe3 Qxa2 32. Bd5 Bxd5 33. cxd5 Qa3 34. Qe8+ Kg7 35. Qe5+ f6 36. Qe3 Qd6 37.
Qe4 h4 38. Qg4+ Kf7 39. Qxh4 Qxd5 40. Qxh7+ Ke6 41. Qg8+ Ke5 42. Qxd5+ Kxd5 43. g4 Kc5 44. f4 a5 45. g5 fxg5 46. fxg5 Kd6 47. Kg3 Ke5 48.
Kg4 a4 49. bxa4 1-0

[Event "*** Titled Tuesday Blitz"]
[Site "Chess.com"]
[Date "2019.02.05"]
[Round "4"]
[White "iturrizaga"]
[Black "Sanan_Sjugirov"]
[Result "1-0"]
[WhiteElo "2833"]
[BlackElo "2834"]
[TimeControl "180+2"]
[EndTime "13:50:29 PST"]
[Termination "iturrizaga won by checkmate"]

1. Nf3 c5 2. c4 Nc6 3. d4 cxd4 4. Nxd4 Nf6 5. g3 e5 6. Nb5 Bb4+ 7. Bd2 a6 8. N5c3 d5 9. cxd5 Nxd5 10. Bg2 Be6 11. O-O O-O 12. Nxd5 Bxd5 13. Bg5 Qxg5 14. Qxd5 Rad8 15. Qb3 Qe7 16. a3 Ba5 17. e3 e4 18. Qc4 Rfe8 19. b4 Bc7 20. Nc3 Be5 21. Rac1 Bxc3 22. Rxc3 g6 23. b5 axb5 24. Qxb5 f5 25.
Rb1 Rd7 26. Bf1 Kg7 27. Kg2 Ne5 28. Qb2 Kh6 29. Rb3 Rb8 30. Rb5 Nf3 31. h4 Qf7 32. Rb6 Rd2 33. Qc3 Qd7 34. R6b2 Rxb2 35. Rxb2 Rc8 36.
Qf6 Qc7 37. Be2 Qc1 38. Bxf3 exf3+ 39. Kh2 Qc6 40. Qg5+ Kg7 41. Qe7+ Kh6 42. Rxb7 Kh5 43. Qg5# 1-0

[Event "*** Titled Tuesday Blitz"]
[Site "Chess.com"]
[Date "2019.02.05"]
[Round "4"]
[White "cool4chess"]
[Black "hermionegrangermagic"]
[Result "1-0"]
[WhiteElo "2310"]
[BlackElo "2295"]
[TimeControl "180+2"]
[EndTime "13:50:31 PST"]
[Termination "cool4chess won by checkmate"]

1. e4 c5 2. Nf3 Nc6 3. d4 cxd4 4.
Nxd4 e5 5. Nb5 d6 6. N1c3 a6 7. Na3 b5 8. Nd5 Nge7 9. c4 Nxd5 10. exd5 Nd4 11. cxb5 Be7 12. Be3 O-O 13. Bd3 axb5 14. Bxd4 exd4 15. Nxb5 Qa5+ 16. Qd2 Re8 17. Qxa5 Rxa5 18.
O-O Bd7 19. a4 Rc8 20. Rfe1 Kf8 21. b4 Raa8 22. a5 Rab8 23. a6 Rxb5 24. a7 Ra8 25.
Bxb5 Bxb5 26. Ra5 Bc4 27. Rc1 Bd8 28. Rxc4 Bxa5 29. bxa5 Rxa7 30. Ra4 d3 31. Kf1 Ke7 32. Ke1 Kf6 33. f4 g5 34. fxg5+ Ke5 35. Kd2 Kxd5 36. Kxd3 Kc5 37. Ra1 Ra6 38. h4 d5 39. h5 Kb5 40. Kd4 Re6 41. a6 Rxa6 42. Rxa6 Kxa6 43. Kxd5 Kb6 44. Kd6 Kb7 45. Ke7 Kc8 46. Kxf7 Kd7 47. g6 h6 48. g7 Kd6 49. g8=Q Ke5 50. Qg7+ Kf5 51. Qxh6 Kg4 52. Qg6+ Kf4 53. h6 Ke3 54. h7 Kf2 55. h8=Q Ke2 56. g4 Kf2 57. Qf5+ Kg2 58. g5 Kg1 59. g6 Kg2 60. g7 Kg1 61. g8=R# 1-0

[Event "*** Titled Tuesday Blitz"]
[Site "Chess.com"]
[Date "2019.02.05"]
[Round "4"]
[White "ChessMavenYeti"]
[Black "MasterKroket"]
[Result "1/2-1/2"]
[WhiteElo "2252"]
[BlackElo "2399"]
[TimeControl "180+2"]
[EndTime "13:50:32 PST"]
[Termination "Game drawn by repetition"]

1. d4 Nf6 2. c4 e6 3. g3 Bb4+ 4. Bd2 Qe7 5. Bg2 O-O 6. e4 Bxd2+ 7. Nxd2 e5 8. d5 a5 9. Ne2 Na6 10. O-O Nc5 11. Qc2 d6 12. Nb3 Nfd7 13. Nxc5 Nxc5 14.
f4 exf4 15. gxf4 f5 16. Nc3 Qf6 17. Nb5 Rf7 18. Rae1 fxe4 19. Re3 Bf5 20. Rfe1 Nd3 21. R1e2 Nxf4 22. Rf2 Nxg2 23. Kxg2 Qg5+ 24. Rg3 Qe7 25. Nd4 Raf8 26. Kg1 Bg6 27. Rxf7 Qxf7 28. Qe2 Bh5 29.
Qe1 Bg6 30. Ne6 Re8 31. h4 Rxe6 32. dxe6 Qxe6 33. Qe2 Qe5 34. Kg2 Bh5 35. Qd2 Bf3+ 36. Kf2 c6 37. Qxa5 Qxb2+ 38. Ke3 Qc1+ 39. Kd4 Qd1+ 40.
Ke3 Qd3+ 41. Kf4 h6 42. Qd8+ Kh7 43. Rxg7+ Kxg7 44. Qe7+ Kg6 45. Qe8+ Kf6 46. Qf8+ Ke6 47. Qe8+ Kf6 48. Qf8+ Ke6 49. Qe8+ Kf6 1/2-1/2

[Event "*** Titled Tuesday Blitz"]
[Site "Chess.com"]
[Date "2019.02.05"]
[Round "4"]
[White "AlexTruskavetsky"]
[Black "Zufi1811"]
[Result "1-0"]
[WhiteElo "2258"]
[BlackElo "2342"]
[TimeControl "180+2"]
[EndTime "13:50:33 PST"]
[Termination "AlexTruskavetsky won by checkmate"]

1. d4 Nf6 2. c4 e6 3. g3 d5 4. Nf3 Bb4+ 5. Bd2 Bd6 6. Nc3 O-O 7. Bh3 b6 8. O-O Bb7 9. cxd5 exd5 10. Rc1 a6 11. a4 Nbd7 12. a5 Re8 13. Bf4 Bxf4 14.
gxf4 c5 15. axb6 c4 16. Na4 Nxb6 17. Nc5 Bc8 18. Bg2 Qd6 19. Ne5 Bf5 20. b3 cxb3 21.
Qxb3 a5 22. Nb7 Qb4 23. Qa2 Qxd4 24. Nd6 Qxf4 25. Nxe8 Rxe8 26. Nf3 a4 27. Rc6 Re6 28. Rfc1 h6 29. Qb2 Nc4 30. Rc8+ Kh7 31. Qc3 Rxe2 32.
Rf8 Ne4 33. Qa1 Rxf2 34. Rxf7 Nb2 35. Rf1 Bg6 36. Rxf4 Rxf1+ 37. Bxf1 Nd3 38. Bxd3 Ng5 39. Bxg6+ Kxg6 40. Nxg5 Kh5 41. Nf7 g5 42. Qg7 gxf4 43. h3 Kh4 44. Qg4# 1-0

[Event "*** Titled Tuesday Blitz"]
[Site "Chess.com"]
[Date "2019.02.05"]
[Round "4"]
[White "Satscho"]
[Black "Blitzstream"]
[Result "0-1"]
[WhiteElo "2310"]
[BlackElo "2556"]
[TimeControl "180+2"]
[EndTime "13:50:36 PST"]
[Termination "Blitzstream won on time"]

1. e4 b6 2. d4 Bb7 3. Nc3 g6 4. Be3 Bg7 5. f4 e6 6. Nf3 d6 7. Bd3 Ne7 8. O-O Nd7 9. f5 exf5 10.
exf5 Nf6 11. Ng5 Qd7 12. Qe2 gxf5 13. Rae1 h6 14. Nf3 Ne4 15. Nh4 O-O-O 16. Bxe4 fxe4 17.
Rxf7 Rhg8 18. Nf5 Qxf5 19. Rxf5 Nxf5 20. Qg4 Rdf8 21. Qh3 Kb8 22. Ne2 Ba6 23. c3 Bc8 24. Rf1 Nxd4 25. Qh5 Nf5 26. Bf4 e3 27. Qf3 Bb7 28.
Qh3 Be5 29. g3 Bxf4 30. Rxf4 Ba6 31. Rxf5 Bxe2 32. Rxf8+ Rxf8 33. Qe6 Rf1+ 34. Kg2 Rf2+ 35. Kh3 Bf1+ 36. Kh4 e2 37. Qe3 Rf8 38. g4 Kc8 39. Kh5 Kd8 40. Qg3 Bg2 41. Qh4+ Kd7 42. Kxh6 Rh8+ 0-1

[Event "*** Titled Tuesday Blitz"]
[Site "Chess.com"]
[Date "2019.02.05"]
[Round "4"]
[White "Manukyan_Artak"]
[Black "Arystanner"]
[Result "0-1"]
[WhiteElo "2351"]
[BlackElo "2747"]
[TimeControl "180+2"]
[EndTime "13:50:40 PST"]
[Termination "Arystanner won by checkmate"]

1. e4 e6 2. d4 d5 3. e5 c5 4. c3 Nc6 5. Nf3 Bd7 6. a3 Nge7 7. Bd3 Nf5 8. O-O cxd4 9. Bxf5 exf5 10. cxd4 Be7 11.
Nc3 Be6 12. b4 O-O 13. Bb2 Rc8 14. Rc1 Kh8 15. Na4 b6 16. Nc3 g5 17. Nb5 g4 18.
Ne1 Bg5 19. Rc3 f4 20. Nd6 Rc7 21. Nb5 Rc8 22. Nd6 Ne7 23. Nxc8 Bxc8 24. Bc1 Ng6 25. Rc6 h5 26. Rd6 Qc7 27. Nd3 Bf5 28. g3 Be7 29. Rxg6 fxg6 30. Nxf4 Qc4 31. Be3 Rc8 32. Qa4 a6 33. h4 gxh3 34. Rc1 Qxc1+ 35. Bxc1 Rxc1+ 36. Kh2 b5 37. Qxa6 Be4 38. Nxg6+ Kg7 39. g4 h4 40. Nxh4 Bxh4 41. Qb7+ Kg6 42. Qb6+ Kf7 43. Qb7+ Kg6 44. Qb6+ Kg5 45. Qd8+ Kxg4 46. Qg8+ Bg5 47. Qe6+ Bf5 48. Qxd5 Bf4# 0-1

[Event "*** Titled Tuesday Blitz"]
[Site "Chess.com"]
[Date "2019.02.05"]
[Round "4"]
[White "Vamostodorecto"]
[Black "LuisFSiles"]
[Result "1-0"]
[WhiteElo "2457"]
[BlackElo "2253"]
[TimeControl "180+2"]
[EndTime "13:50:40 PST"]
[Termination "Vamostodorecto won by resignation"]

1. d4 Nf6 2. c4 g6 3. Nc3 Bg7 4. e4 d6 5. Be2 O-O 6. Nf3 c5 7.
d5 e6 8. O-O Na6 9. Bg5 h6 10.
Bd2 Nc7 11. Qc1 Kh7 12. h3 exd5 13. exd5 b5 14. Bd3 Rb8 15. Bf4 bxc4 16. Bxc4 Re8 17. Rd1 Ba6 18. Bxa6 Nxa6 19. Nd2 Nb4 20. Nc4 Bf8 21.
a3 Na6 22. Qc2 Nc7 23. Qa4 Ne4 24. Qc6 Nxc3 25. bxc3 Re4 26. Bxd6 Bxd6 27. Nxd6 Rb6 28. Nxf7 Rxc6 29. Nxd8 Rd6 30. Nc6 Rxd5 31. Nxa7 c4 32. Nc6 Rd3 33. Nb4 Rxd1+ 34. Rxd1 Nb5 35. Rd7+ Kg8 36.
Nd5 Re1+ 37. Kh2 Rc1 38. a4 Nxc3 39. Nf6+ Kf8 40. Rc7 Nxa4 41. Nd7+ Ke7 42. Ne5+ Kd6 43. Rxc4 Kxe5 44. Rxc1 Nb6 45. Rc6 Nd5 46. Rxg6 1-0

[Event "*** Titled Tuesday Blitz"]
[Site "Chess.com"]
[Date "2019.02.05"]
[Round "4"]
[White "PawnEatingZombie"]
[Black "tteshan"]
[Result "1-0"]
[WhiteElo "2131"]
[BlackElo "2116"]
[TimeControl "180+2"]
[EndTime "13:50:44 PST"]
[Termination "PawnEatingZombie won by checkmate"]

1. d4 Nf6 2. c4 e6 3. Nc3 Bb4 4. Qc2 b6 5. e4 Bxc3+ 6. bxc3 Bb7 7. Bd3 d6 8. Ne2 O-O 9. O-O c5 10. f4 Nc6 11. d5 exd5 12. cxd5 Ne7 13. c4 h6 14. Bd2 Re8 15. Nc3 Ng6 16. Rae1 Qd7 17. a4 Re7 18. h3 Nh5 19. Qd1 Nf6 20. Qf3 Rae8 21. g4 Bc8 22. Qg3 h5 23. g5 Nh7 24. Rf3 h4 25. Qg2 Qc7 26. e5 dxe5 27. f5 Nf4 28. f6 Nxg2 29. Kxg2 Rd7 30. Ne4 Rdd8 31. Ref1 g6 32. Be1 Bf5 33. Bxh4 Bxe4 34. Bxe4 Qd7 35. Bc2 e4 36. Re3 a5 37. Rf4 Qc7 38. Rfxe4 Rxe4 39. Rxe4 Qd7 40. Re7 Qd6 41. Bg3 Qxe7 42. fxe7 Re8 43. d6 Nxg5 44. d7 Rxe7 45. d8=Q+ Re8 46. Qxe8+ Kg7 47. Be5+ Kh6 48. Qh8+ Nh7 49.
Qg7+ Kg5 50. Qxh7 f6 51. Bg3 f5 52. Be5 f4 53. h4+ Kg4 54. Qxg6+ Kxh4 55. Bf6# 1-0

[Event "*** Titled Tuesday Blitz"]
[Site "Chess.com"]
[Date "2019.02.05"]
[Round "4"]
[White "BvsN"]
[Black "kacprekt"]
[Result "1/2-1/2"]
[WhiteElo "2301"]
[BlackElo "2314"]
[TimeControl "180+2"]
[EndTime "13:50:46 PST"]
[Termination "Game drawn by agreement"]

1. d4 Nf6 2. c4 g6 3. Nc3 d5 4.
Bg5 Ne4 5. h4 Nxg5 6. hxg5 c6 7.
cxd5 cxd5 8. Qb3 e6 9. Nf3 Nc6 10. e3 Bg7 11. Be2 O-O 12. O-O-O Na5 13. Qc2 Bd7 14. Rh2 f6 15. Rdh1 fxg5 16. Rxh7 Qf6 17. Ne5 Be8 18. f3 Nc6 19. Bd3 Nxe5 20. dxe5 Qf7 21. Qf2 d4 22. Ne4 dxe3 23. Qg3 Qc7+ 24. Kb1 Qxe5 25. Qxe5 Bxe5 26. Nxg5 Rd8 27. Bc4 e2 28.
Bxe6+ Bf7 29. Rxf7 Rd1+ 30. Kc2 Rxf7 31. Bxf7+ Kg7 32.
Rxd1 exd1=Q+ 33. Kxd1 Kf6 34. Bd5 Kxg5 35. Bxb7 Bxb2 36.
Ke2 Bd4 37. Kd3 Bb6 38. Ke4 Bc5 39. g3 Kf6 40. f4 Bb6 41. g4 Bc5 42. g5+ Kg7 43.
Ke5 Bb6 44. f5 gxf5 45. Kxf5 Be3 46. Be4 Bb6 47. g6 Bc5 48. Ke6 Bg1 49. Kd5 Bf2 50. Kc6 Bg1 51. a4 Bf2 52. a5 Bg1 53. a6 Bf2 54.
Kb7 Bg1 1/2-1/2

[Event "*** Titled Tuesday Blitz"]
[Site "Chess.com"]
[Date "2019.02.05"]
[Round "4"]
[White "Vrolijk"]
[Black "FMJoseHerrera"]
[Result "0-1"]
[WhiteElo "2760"]
[BlackElo "2574"]
[TimeControl "180+2"]
[EndTime "13:50:55 PST"]
[Termination "FMJoseHerrera won by resignation"]

1. d4 Nf6 2. c4 c5 3. d5 b5 4.
Qc2 g6 5. e4 Bg7 6. cxb5 O-O 7.
Nc3 a6 8. Nf3 Qa5 9. Bd2 d6 10.
a4 Bg4 11. Be2 axb5 12. Nxb5 Qb6 13. O-O Na6 14. h3 Bxf3 15. Bxf3 Nb4 16. Bxb4 cxb4 17. Rac1 Nd7 18. b3 Nc5 19. Qc4 Rfc8 20. Qxb4 Bh6 21. Rc4 Rab8 22. Qc3 Rf8 23. Qc2 Bf4 24. Be2 Be5 25. Bf3 f5 26. exf5 Rxf5 27. Bg4 Rff8 28. Qd1 Kg7 29. Rc1 Rf4 30. g3 Rb4 31. Rb1 Rf8 32. Kg2 Ne4 33. Qe2 h5 34. Be6 h4 35. gxh4 Nf6 36. f4 Bxf4 37. Qe1 Re4 38. Qf2 Be3 39. Qg3 Nh5 40. Qe1 Nf4+ 41. Kh1 Nxe6 42. dxe6 Qb7 43. Qe2 Rxh4+ 44. Kh2 Bf4+ 45. Kg1 Rxh3 46. Qb2+ Be5 47. Qg2 Rg3 0-1

[Event "*** Titled Tuesday Blitz"]
[Site "Chess.com"]
[Date "2019.02.05"]
[Round "4"]
[White "Zaven_ChessMood"]
[Black "WhiteKnight2612"]
[Result "1-0"]
[WhiteElo "2876"]
[BlackElo "2559"]
[TimeControl "180+2"]
[EndTime "13:50:57 PST"]
[Termination "Zaven_ChessMood won by resignation"]

1. e4 e5 2. Nf3 Nc6 3. Bc4 Bc5 4. O-O Nf6 5. d3 a6 6. c3 O-O 7. Bb3 d6 8. Nbd2 Ba7 9. h3 Ne7 10. Nh4 Be6 11. Qf3 Qd7 12. Nc4 b5 13. Ne3 Kh8 14.
g4 Nfg8 15. Kh2 Ng6 16. Nhf5 Nf4 17. d4 Bxb3 18. axb3 g6 19. Ng3 Ne6 20. d5 Nf4 21. Ng2 g5 22. Nf5 Bb6 23. h4 f6 24. Be3 Ne7 25.
Nxe7 Qxe7 26. h5 Nxg2 27. Kxg2 Qd7 28. b4 h6 29. Ra3 Kg7 30. Rfa1 Qc8 31. Qf5 Qxf5 32.
exf5 Bxe3 33. fxe3 Rab8 34. Rxa6 Rfc8 35. Ra7 Kf8 36.
R1a6 Ke8 37. Kf3 Kd8 38. e4 Kd7 39. Ke3 Kd8 40. Kd3 Kd7 41. Kc2 Kd8 42. b3 Kd7 43.
Kb2 Kd8 44. Ka3 Rb6 45. Rxb6 cxb6 46. Rf7 Rxc3 47. Rxf6 Ke7 48. Re6+ Kd7 49. Rxh6 Rg3 50. Rh7+ Ke8 51. h6 Rxg4 52. Rg7 Kf8 53. f6 Rh4 54. h7 g4 55. Rg8+ Kf7 56. h8=Q Rxh8 57. Rxh8 Kxf6 58. Rh5 Kg6 59. Rf5 g3 60. Rf3 Kg5 61.
Rxg3+ Kf4 62. Rg6 Kxe4 63. Rxd6 Kd4 64. Rd8 e4 65. d6 Kd5 66. d7 Kd6 67. Re8 Kxd7 68.
Rxe4 Kc6 69. Rh4 Kd5 70. Rh5+ Kc6 71. Kb2 Kb7 72. Rxb5 Ka6 73. Rh5 Ka7 74. Kc3 Ka6 75. Kc4 b5+ 76. Kc5 Ka7 77. Kc6 1-0

[Event "*** Titled Tuesday Blitz"]
[Site "Chess.com"]
[Date "2019.02.05"]
[Round "4"]
[White "BasilSmash"]
[Black "DonPreuss"]
[Result "1-0"]
[WhiteElo "2345"]
[BlackElo "2193"]
[TimeControl "180+2"]
[EndTime "13:50:58 PST"]
[Termination "BasilSmash won by resignation"]

1. e4 e5 2. Nf3 d5 3. Nxe5 Bd6 4. d4 dxe4 5. Nc4 Ne7 6. Be2 O-O 7. O-O f5 8. Nxd6 cxd6 9. f3 d5 10. c4 Be6 11. c5 Nbc6 12. Nc3 a6 13. a3 Ng6 14. f4 h6 15. Be3 Kh7 16. b4 Nh8 17. Rb1 Qh4 18. Qd2 Rg8 19. a4 Qf6 20. Kh1 g5 21.
g3 g4 22. Kg2 Kg6 23. Rh1 h5 24. h4 gxh3+ 25. Rxh3 Nf7 26. Bxh5+ Kg7 27. Bxf7 Kxf7 28. b5 axb5 29. axb5 Ne7 30. Rbh1 Rg7 31. b6 Rag8 32. Nb5 Nc8 33. Rh7 Qg6 34. Rxg7+ Rxg7 35. Rh3 Qg4 36. Nc7 Ne7 37. Bf2 Qf3+ 38. Kg1 Ng6 39. Kh2 Bd7 40. Nxd5 Bb5 41. Ne3 Nxf4 42. gxf4 Qxf4+ 43. Bg3 Qf3 44. Qf2 Qxf2+ 45. Bxf2 f4 46. Nf5 Rg5 47. Nd6+ Kg6 48. Nxb5 e3 49. Bxe3 fxe3 50. Rxe3 Kf5 51. Nd6+ Kf4 52.
Re1 Kf3 53. Rf1+ Ke2 54. Rf7 Rh5+ 55. Kg3 Rg5+ 56. Kf4 1-0

[Event "*** Titled Tuesday Blitz"]
[Site "Chess.com"]
[Date "2019.02.05"]
[Round "4"]
[White "talento10"]
[Black "JoachimMouhamad"]
[Result "0-1"]
[WhiteElo "2427"]
[BlackElo "2296"]
[TimeControl "180+2"]
[EndTime "13:51:04 PST"]
[Termination "JoachimMouhamad won by resignation"]

1. e4 c6 2. d4 d5 3. e5 c5 4.
dxc5 e6 5. a3 Bxc5 6. Nf3 Nc6 7.
Be2 f6 8. exf6 Nxf6 9. O-O O-O 10. c4 d4 11. b4 Bb6 12. Bb2 e5 13. b5 e4 14. bxc6 exf3 15. Bxf3 bxc6 16. Bxc6 Bg4 17. Qb3 Rc8 18. c5+ Kh8 19. cxb6 Rxc6 20. bxa7 Rb6 21. Qc2 d3 22. Bxf6 dxc2 23. Bxd8 Rxd8 24. f3 Bf5 25. Nc3 Ra6 26. Nb5 Bd3 27. Rfc1 Bxb5 28. Rxc2 Rxa7 29. a4 Rxa4 30. Rxa4 Bxa4 31. Rb2 h6 32. h4 Kh7 33.
Kh2 Rd6 34. Rb4 Bd7 35. g4 g5 36. hxg5 hxg5 37. Rb3 Kg6 38. Kg3 Rf6 39. Rd3 Bc6 40. Rc3 Kf7 41. Re3 Kf8 42. Rc3 Ke7 43. Re3+ Kd6 44.
Ra3 Bd5 45. Re3 Bc6 46. Rc3 Rf4 47. Re3 Bd5 48. Rd3 Kc5 49. Ra3 Kd4 50. Ra4+ Ke5 51. Ra3 Rb4 52. Rd3 Rb3 53. Rxb3 Bxb3 54. Kf2 Kf4 55.
Ke2 Bd5 56. Kd3 Bxf3 0-1

[Event "*** Titled Tuesday Blitz"]
[Site "Chess.com"]
[Date "2019.02.05"]
[Round "4"]
[White "pKiLz5Rn9b"]
[Black "Astaneh"]
[Result "1/2-1/2"]
[WhiteElo "2733"]
[BlackElo "2562"]
[TimeControl "180+2"]
[EndTime "13:51:09 PST"]
[Termination "Game drawn - insufficient material"]

1. Nf3 Nf6 2. b3 g6 3. Bb2 Bg7 4. g3 O-O 5. Bg2 d5 6. c4 dxc4 7. bxc4 c5 8. O-O Nc6 9. Nc3 Bg4 10. d3 Qd7 11. Rb1 Bh3 12. Qa4 Bxg2 13. Kxg2 b6 14. Rfd1 Rfb8 15. e3 Qb7 16. Kg1 Ng4 17. Nd5 Bxb2 18.
Qxc6 Bg7 19. h3 Nf6 20. d4 cxd4 21. exd4 e6 22. Qxb7 Rxb7 23. Ne3 Rc7 24. a4 Ne4 25. Rdc1 Rd8 26. a5 bxa5 27. Ra1 Bxd4 28. Nxd4 Rxd4 29. Rxa5 Rd2 30. Rf1 Re2 31. Kg2 Nd2 32. Rd1 Nxc4 33. Nxc4 Rxc4 34. Rxa7 Rcc2 35. Rf1 e5 36. h4 e4 37. Re7 e3 38. Kf3 Rxf2+ 39. Rxf2 exf2 40. Kg2 Kg7 41. Re5 Kf6 42. Ra5 Ke6 43. Rb5 Kd6 44. Ra5 Kc6 45. Ra7 f5 46. Rxh7 Kd5 47. Rh6 Rc6 48. Kxf2 Ke5 49. Rh8 Rc2+ 50. Kf3 Rc3+ 51.
Kf2 Rc2+ 52. Kf3 Rc3+ 53. Kg2 Rc2+ 54. Kh3 Rc3 55. Rg8 f4 56. Rxg6 Rxg3+ 57. Rxg3 fxg3 58. h5 Kf6 59. h6 Kg6 60. h7 Kxh7 61. Kxg3 1/2-1/2

[Event "*** Titled Tuesday Blitz"]
[Site "Chess.com"]
[Date "2019.02.05"]
[Round "4"]
[White "maciek_92"]
[Black "GMsKoRPioN"]
[Result "0-1"]
[WhiteElo "2738"]
[BlackElo "2567"]
[TimeControl "180+2"]
[EndTime "13:51:13 PST"]
[Termination "GMsKoRPioN won by checkmate"]

1. e4 d6 2. d4 g6 3. Nc3 Bg7 4. Be3 a6 5. a4 b6 6. Qd2 Bb7 7. h4 Nf6 8. f3 h5 9. Nh3 Nbd7 10. Ng5 c5 11. Bc4 O-O 12. dxc5 bxc5 13. a5 Ne5 14. Be2 Rb8 15. f4 Neg4 16. Bg1 Bc8 17. Ra2 Rb4 18. b3 Bb7 19. Bc4 Qa8 20. Qd3 e5 21. Qxd6 Rxc4 22. bxc4 Nxe4 23. Ngxe4 Bxe4 24. Bxc5 Bxg2 25. Rg1 exf4 26. Nd5 Bxd5 27. cxd5 Re8+ 28. Kf1 Qb7 29. Bb6 Qc8 30. Qc6 Qb8 31. d6 Rc8 32. Qd5 Ne3+ 33. Bxe3 fxe3 34. d7 Rd8 35. Ke2 Qf4 36. Rg2 Qb4 37. c4 Qb3 38. Kf1 Qb1+ 39. Ke2 Qxa2+ 40. Kxe3 Bh6+ 41. Kd4 Qa1+ 42. Kc5 Qxa5+ 43. Kc6 Qa4+ 44.
Kc7 Rxd7+ 45. Qxd7 Qxc4+ 46. Qc6 Bf4+ 47. Kb7 Qb4+ 48.
Ka8 Qb8# 0-1